 Dungeon Crawl Stone Soup version 0.27-a0-1557-g57f10a385c (webtiles) character file.

Game seed: 923704104169859152

2522 zero the Destroyer (level 9, -12/52 HPs)
             Began as a Gargoyle Conjurer on July 15, 2021.
             Splashed by an acid dragon's acid (14 damage)
             ... on level 8 of the Dungeon.
             The game lasted 00:09:06 (8242 turns).

zero the Destroyer (Gargoyle Conjurer)              Turns: 8242, Time: 00:09:07

Health: -12/52     AC:  7    Str: 10    XL:     9   Next: 54%
Magic:  16/16      EV: 12    Int: 26    God:
Gold:   356        SH:  0    Dex:  8    Spells: 11/18 levels left

rFire    . . .     SeeInvis .   a - +2 hunting sling
rCold    . . .     Faith    .   (no shield)
rNeg     + . .     Spirit   .   g - +0 robe
rPois    ∞         Reflect  .   c - +1 helmet {Int+3}
rElec    +         Harm     .   (no cloak)
rCorr    .         Rampage  .   (no gloves)
Will     .....                  q - +0 pair of boots
Stlth    ++........             d - amulet of magic regeneration
HPRegen  0.17/turn              (no ring)
MPRegen  0.40/turn              (no ring)

@: corroded
A: sickness immunity, AC +6, negative energy resistance 1, electricity
resistance, torment resistance 1, petrification resistance
a: no special abilities


You were on level 8 of the Dungeon.
You visited 2 branches of the dungeon, and saw 9 of its levels.

You collected 356 gold pieces.

Inventory:

Hand Weapons
 a - a +2 hunting sling (weapon)
 b - a +2 dagger of freezing
 C - a +2 dagger of holy wrath
Missiles
 f - 2 throwing nets
 h - 207 stones (quivered ammo)
Armour
 c - a +1 helmet of intelligence (worn)
 g - a +0 robe (worn)
 q - a +0 pair of boots (worn)
Magical Staves
 x - a staff of cold
 D - a staff of fire
Jewellery
 d - an amulet of magic regeneration (around neck)
 E - a +6 ring of intelligence
Scrolls
 i - 2 scrolls of fog {unknown}
 j - 2 scrolls of amnesia {unknown}
 k - a scroll of noise {unknown}
 m - a scroll of enchant armour {unknown}
 p - 3 scrolls of magic mapping {unknown}
 r - a scroll of silence {unknown}
 s - 2 scrolls of identify {unknown}
 w - a scroll of torment {unknown}
 y - 2 scrolls of blinking {unknown}
 z - a scroll of teleportation {unknown}
 B - a scroll of fear {unknown}
Potions
 e - 2 potions of attraction {unknown}
 l - 2 potions of curing {unknown}
 n - a potion of flight
 o - a potion of might {unknown}
 t - 2 potions of lignification {unknown}
 u - a potion of ambrosia {unknown}
 v - a potion of invisibility {unknown}


   Skills:
 - Level 4.0 Fighting
 - Level 4.0 Slings
 - Level 2.0 Armour
 - Level 2.0 Dodging
 - Level 3.0 Stealth
 - Level 5.0 Spellcasting
 + Level 9.3 Conjurations
 - Level 5.0 Translocations


You had 11 spell levels left.
You knew the following spells:

 Your Spells              Type           Power      Damage    Failure   Level
a - Magic Dart            Conj           100%       1d8       1%          1
b - Searing Ray           Conj           100%       3d7       1%          2
c - Iskenderun's Mystic   Conj/Tloc      43%        2d10      4%          4

Your spell library contained the following spells:

 Spells                   Type           Power      Damage    Failure   Level
 Dazzling Flash           Conj/Hex       60%        N/A       3%          3
 Animate Skeleton         Necr           12%        N/A       8%          1
 Pain                     Necr           24%        1d5       8%          1
 Portal Projectile        Hex/Tloc       38%        N/A       9%          3
 Fulminant Prism          Conj/Hex       15%        3d11      11%         4
 Ozocubu's Armour         Ice            6%         N/A       22%         3
 Vampiric Draining        Necr           3%         2d6       22%         3
 Blade Hands              Tmut           3%         N/A       91%         5
 Excruciating Wounds      Necr           3%         N/A       91%         5
 Metabolic Englaciation   Hex/Ice        3%         N/A       91%         5
 Simulacrum               Ice/Necr       3%         N/A       100%        6


Dungeon Overview and Level Annotations

Branches:
Dungeon (8/15)             Temple (1/1) D:6
   Lair: D:8-11

Altars:
Ashenzari
Dithmenos
Gozag
Hepliaklqana
Kikubaaqudgha
Nemelex Xobeh
Okawaru
Qazlal
Ru
Uskayaw
Xom
Yredelemnul
Zin

Shops:
D:7 :

Annotations:
D:3 1 runed translucent door, Tungsten's ghost, amateur MiFE
D:5 exclusion: downstairs


Innate Abilities, Weirdness & Mutations

You are immune to sickness and miasma.
Your stone body is resilient. (AC +6)
You are immune to poison.
You resist negative energy. (rN+)
You are resistant to electric shocks. (rElec)
You are resistant to unholy torment.
You are immune to petrification.


Message History

Casting: Searing Ray (safe; 1% risk of failure)
Confirm with . or Enter, or press ? or * to list all spells.
You can't see any susceptible monsters within range! (Use Z to cast anyway.)
You finish channeling your searing ray.
No target in view!
A - a sling bullet You see here a wyvern corpse.
No target in view!
A - 2 sling bullets (gained 1)
Found 3 boomerangs.
Found a stone staircase leading up.
E - a +6 ring of intelligence No target in view!
A shadow imp comes into view.
The shadow imp shouts!
You see here a sling bullet.
You shoot a sling bullet. The sling bullet hits the shadow imp.
The shadow imp is lightly wounded.
You shoot a sling bullet. The sling bullet hits the shadow imp!
The shadow imp is almost dead.
An acid dragon comes into view.
You shoot a stone. The stone barely misses the shadow imp.
The acid dragon roars!
The acid dragon spits acid at you. The splash of acid hits you!
The acid corrodes you!
You are splashed with acid!
You hear a shout!
You hear an angry buzzing noise.
You shoot a stone. The stone hits the shadow imp.
You kill the shadow imp!
You shoot a stone.
The stone closely misses the acid dragon.
The acid dragon spits acid at you. The splash of acid hits you.
You are splashed with acid!
* * * LOW HITPOINT WARNING * * *
You hear a shout!
You hear an angry buzzing noise.
You can't go down here!
The acid dragon spits acid at you. The splash of acid hits you!
* * * LOW HITPOINT WARNING * * *
You are splashed with acid!
You die...

##### ### #...# ...
###### #...####.# .
#....###...##<..#.# ...
###.##...'..........+
....#.......##...######.#
...........†######### #
..(.(..(.@<>.........
#.<................##
#.D............###.#
.....?..........#
(................#
#................#
##.................
#.(.............###
...............#


You could see an acid dragon (catching breath).

Vanquished Creatures
  2 hornets
  A wyvern (D:8)
  A water moccasin (D:4)
  An orc warrior (D:7)
  2 black bears
  A hornet zombie (D:6)
  A sky beast (D:8)
  2 ogres (D:6)
  A phantom (D:4)
  A centaur (D:7)
  A kobold brigand (D:6)
  A water moccasin zombie (D:5)
  3 electric eels (D:6)
  2 jellies (D:6)
  2 hounds (D:4)
  3 centaur zombies (D:5)
  A centaur skeleton (D:6)
  3 orc priests
  A bullfrog skeleton (D:5)
  Terence (D:2)
  Natasha (thrice) (D:2)
  4 iguanas
  5 orc wizards
  A hound skeleton (D:5)
  A howler monkey zombie (D:8)
  6 adders
  2 shadow imps
  A white imp (D:4)
  An adder skeleton (D:4)
  3 worms (D:2)
  2 dart slugs (D:2)
  7 orcs
  3 ball pythons
  7 endoplasms
  2 giant cockroaches (D:1)
  6 goblins
  10 hobgoblins
  5 jackals
  A quokka (D:2)
  5 bats
  2 frilled lizards
  10 kobolds
  5 rats
123 creatures vanquished.

Notes
Turn   | Place    | Note
-------+----------+-------------------------------------------
     0 | D:1      | zero the Gargoyle Conjurer began the quest for the Orb.
     0 | D:1      | Reached XP level 1. HP: 10/10 MP: 3/3
   566 | D:1      | Reached XP level 2. HP: 16/16 MP: 0/5
   769 | D:1      | Learned a level 2 spell: Searing Ray
   857 | D:1      | Found a faded altar of an unknown god.
  1271 | D:2      | Reached skill level 1 in Fighting
  1271 | D:2      | Reached XP level 3. HP: 20/20 MP: 3/6
  2019 | D:2      | Noticed Terence
  2053 | D:2      | Killed Terence
  2054 | D:2      | Reached XP level 4. HP: 6/26 MP: 0/7
  2322 | D:2      | Noticed Natasha
  2327 | D:2      | Killed Natasha
  2328 | D:2      | Reached skill level 1 in Slings
  2547 | D:2      | Noticed Natasha
  2550 | D:2      | Killed Natasha
  2551 | D:2      | Reached skill level 5 in Conjurations
  2551 | D:2      | Reached XP level 5. HP: 30/30 MP: 5/9
  2737 | D:2      | Learned a level 4 spell: Iskenderun's Mystic Blast
  2757 | D:2      | Noticed Natasha
  2762 | D:2      | Killed Natasha
  3741 | D:3      | Found a runed translucent door.
  3743 | D:3      | Noticed Tungsten's ghost (amateur MiFE)
  3834 | D:4      | Noticed a water moccasin
  3840 | D:4      | Killed a water moccasin
  3841 | D:4      | Reached skill level 1 in Translocations
  3841 | D:4      | Reached XP level 6. HP: 34/36 MP: 4/10
  4082 | D:4      | Reached XP level 7. HP: 41/41 MP: 1/12
  4794 | D:5      | Entered Level 5 of the Dungeon
  4896 | D:5      | Identified the +4 chain mail of the Vaults {+Blink rN+}
  5085 | D:5      | Reached skill level 6 in Conjurations
  5255 | D:5      | Noticed a hornet
  5269 | D:5      | Killed a hornet
  5270 | D:5      | Reached XP level 8. HP: 34/46 MP: 2/14
  5411 | D:5      | Found a sparkling altar of Nemelex Xobeh.
  5643 | D:5      | Found a broken altar of Ashenzari.
  6022 | D:6      | Found a staircase to the Ecumenical Temple.
  6049 | Temple   | Entered the Ecumenical Temple
  6176 | D:6      | Found an iron altar of Okawaru.
  6484 | D:6      | Reached skill level 7 in Conjurations
  6624 | D:6      | Reached skill level 5 in Spellcasting
  6814 | D:6      | Reached skill level 5 in Translocations
  7050 | D:7      | Found Piskegh's Book Shoppe.
  7067 | D:7      | Reached skill level 1 in Armour
  7067 | D:7      | Reached XP level 9. HP: 51/51 MP: 12/16
  7602 | D:7      | Reached skill level 8 in Conjurations
  7720 | D:7      | Noticed a hornet
  7725 | D:7      | Killed a hornet
  8203 | D:8      | Reached skill level 9 in Conjurations
  8242 | D:8      | HP: 2/52 [acid dragon/splash of acid (12)]
  8242 | D:8      | Splashed by an acid dragon's acid

Illustrated notes

Levels and vault maps discovered:
D:1:      minmay_arrival_solitary_statue, layout_rooms,
          hellmonk_ecumenical_altar_zigzags, palyth_stone_intersect,
          dk_noncrumbling_4
D:2:      layout_basic, serial_aquarium, aquarium_bridge_long_separate
          [aquarium_subvault_bridge, aquarium_subvault_wall,
          aquarium_subvault_wall, aquarium_subvault_balcony,
          aquarium_subvault_wall, aquarium_subvault_bridge],
          aquarium_window_corner, aquarium_window_fake, aquarium_window_fake,
          aquarium_window_1, aquarium_view_2a, aquarium_pool_split,
          minmay_misc_feat_doors, uniq_terence, uniq_natasha
D:3:      layout_loops_cross, ebering_ghost_inner_flame, roderic_serpentine_path
D:4:      layout_rooms
D:5:      layout_loops_ring, nemelex_diamond_rough_becter,
          mainiacjoe_overflow_alcove_2
D:6:      layout_basic, okawaru_metal_pillars_3,
          minmay_temple_entry_stoned_glass, minivault_14,
          hangedman_decor_riveting, feat_on_display
D:7:      layout_basic, serial_shops, nicolae_stop_n_shop_1
D:8:      cheibrodos_helix_gallery, layout_basic, marbit_many_paths,
          mainiacjoe_overflow_chevrons, grunt_temple_overflow_open,
          serial_shops, kennysheep_mini_moat, minmay_misc_feat_five,
          eino_small_chamber_without_monster
Temple:   eino_temple_lava

Skill      XL: |  1  2  3  4  5  6  7  8  9 |
---------------+----------------------------+-----
Fighting       | 1 2 3 4 |  4.0
Dodging        | 2 |  2.0
Stealth        | 3 |  3.0
Slings         | 1 2 3 4 |  4.0
Conjurations   | 5 6 7 9 |  9.3
Spellcasting   | 3 4 5 |  5.0
Translocations | 1 3 5 |  5.0
Armour         | 1 2 |  2.0

Action                   |  1- 3 |  4- 6 |  7- 9 || total
-------------------------+-------+-------+-------++-------
Melee: Unarmed           |    33 |       |       ||    33
       Hunting sling     |       |       |     1 ||     1
 Fire: Hunting sling     |    47 |    70 |   139 ||   256
 Cast: Magic Dart        |    27 |       |       ||    27
       Searing Ray       |     8 |    12 |    53 ||    73
  Use: Potion            |     1 |       |       ||     1
       Scroll            |       |     1 |     1 ||     2
Armor: Robe              |    23 |     6 |    30 ||    59
Dodge: Dodged            |    32 |    18 |    65 ||   115

Table legend: (Time is in decaauts)
 A = Elapsed time spent in this place.
 B = Non-inter-level travel time spent in this place.
 C = Inter-level travel time spent in this place.
 D = Time resting spent in this place.
 E = Time spent auto-exploring this place.
 F = Levels seen in this place.
 G = Mean time per level.
                   A        B        C        D        E       F      G
               +--------+--------+--------+--------+--------+-----+--------+
         Total |   8281 |   7744 |    537 |   1781 |   4876 |   9 |  920.1 |
       Dungeon |   8209 |   7679 |    530 |   1781 |   4812 |   8 | 1026.1 |
        Temple |     71 |     64 |      7 |      0 |     64 |   1 |   71.0 |
               +--------+--------+--------+--------+--------+-----+--------+

Top non-repeatable levels by time:
     D:2: 1696 daAuts
     D:1: 1404 daAuts
     D:5: 1133 daAuts
     D:7: 1088 daAuts
     D:6: 1054 daAuts
     D:4: 1000 daAuts
     D:3: 727 daAuts
     D:8: 104 daAuts
  Temple: 71 daAuts
